 Dungeon Crawl Stone Soup version 0.22-a0-542-gce4f928 (webtiles) character file.

621 suicidejoker the Skirmisher (level 7, -10/70 HPs)
             Began as a Gargoyle Fighter on June 25, 2018.
             Splashed by Ijyb's acid (12 damage)
             ... on level 4 of the Dungeon.
             The game lasted 00:09:39 (2834 turns).

suicidejoker the Skirmisher (Gargoyle Fighter)      Turns: 2834, Time: 00:09:40

Health: -10/70     AC: 23    Str: 22    XL:     7   Next: 46%
Magic:  7/7        EV:  2    Int:  8    God:
Gold:   174        SH: 11    Dex:  9    Spells: 6/6 levels left

rFire    . . .     SeeInvis .   (no weapon)
rCold    . . .     Gourm    .   c - +1 shield
rNeg     + + +     Faith    .   (armour currently unavailable)
rPois    ∞         Spirit   .   (helmet currently unavailable)
rElec    .         Reflect  .   (cloak currently unavailable)
rCorr    .         Harm     .   (gloves currently unavailable)
MR       .....     NoTele   +   (boots currently unavailable)
Stlth    +.........             t - amulet of the acrobat
HPRegen  0.21/turn              (no ring)
MPRegen  0.10/turn              (no ring)

@: tree-form
A: negative energy resistance 1, petrification resistance, rot immunity, AC +4
a: no special abilities


You were on level 4 of the Dungeon.
You were near starving.
You were a tree.
You visited 1 branch of the dungeon, and saw 4 of its levels.

You collected 174 gold pieces.

Inventory:

Hand Weapons
 a - a +2 long sword
 d - a +0 dagger of draining
Missiles
 g - 36 bolts
 j - 20 poisoned needles
 m - 111 stones (quivered)
 o - 3 needles of sleeping
Armour
 b - a +0 scale mail (melded)
 c - a +1 shield (worn)
 q - a +2 helmet (melded)
Jewellery
 t - an amulet of the acrobat (around neck)
Scrolls
 e - 4 scrolls of remove curse
 h - a scroll of enchant weapon
 l - a scroll of teleportation
Potions
 i - a potion of lignification
 n - 2 potions of invisibility
 r - a potion of degeneration {unknown}
 u - a potion of mutation {unknown}
 v - a potion of magic {unknown}
Comestibles
 f - 4 rations


   Skills:
 * Level 6.3 Fighting
 + Level 3.5 Long Blades
 + Level 5.0 Armour
 + Level 5.0 Shields


You had 6 spell levels left.
You didn't know any spells.
Your spell library was empty.

Dungeon Overview and Level Annotations

Branches:
Dungeon (4/15)
 Temple: D:4-7

Altars:
Gozag

Annotations:
D:4 Ijyb


Innate Abilities, Weirdness & Mutations

You are resistant to torment.
((Your stone body is resilient. (AC +4)))
You are immune to poison.
You resist negative energy. (rN+)
((You are resistant to electric shocks. (rElec)))
((You can survive without breathing.))
You are immune to petrification.
You are immune to rotting.


Message History

You block the worm's attack.
You turn into a tree.
Your +2 helmet melds into your body.
Your +0 scale mail melds into your body.
Your roots penetrate the ground.
Ijyb zaps a wand.
Helpless, you fail to dodge the bolt of acid.
You are splashed with acid!
The acid burns!
Wield which item (- for none, * to show all)? (? for menu, Esc to quit)
You are now empty-handed.
Ijyb hits you with a club.
* * * LOW HITPOINT WARNING * * *
Really attack barehanded?
You hit Ijyb.
Ijyb is moderately wounded.
You are no longer corroded.
The worm bites you but does no damage. Ijyb hits you but does no damage.
You hit Ijyb.
Ijyb is moderately wounded.
Ijyb zaps a wand.
The bolt of acid hits you!
* * * LOW HITPOINT WARNING * * *
You are splashed with acid!
The acid burns!
You die...

*,* *,*** *,,,,,* *,, **,*
*,..####### *,,,,,** ***,, ,*,*
*,#.......# *,,...,* *,,,,
,,,*****,*#......# *.....,***,*,,
,,,,,,,,,*#......###....,,**,,*,,
**,,,,,,,.##.......#...,,,,,,**,,
,,,,,*..,..........#.####..******
*..#,*#.####...g..........,******
#...,*#........w♣....##..,,,,,,,,
#..#**#..(..#...#.....#.#,******,
*#.####.....#......##.#.#,* *,
##..##......#......†..>.#,** ***,
.......#....##.#####....#,,***,,,
...##..#....#..,####..#....#*,,**
).<##.......#$.,#>##..#*#...,,**
...###......#8_8#.....###,.[,**
...###..##.##*####......#,*,,**


You could see Ijyb and a worm.

Vanquished Creatures
  2 ogres (D:4)
  A howler monkey (D:4)
  A bullfrog skeleton (D:4)
  A hound (D:4)
  Terence (D:2)
  An iguana (D:2)
  A worker ant (D:4)
  Robin (D:2)
  9 adders
  6 gnolls (D:4)
  2 oozes
  3 worms
  3 dart slugs
  6 leopard geckos
  An orc (D:3)
  5 bats
  5 giant cockroaches
  13 goblins
  9 hobgoblins
  14 jackals
  9 kobolds
  2 quokkas
  5 frilled lizards
  12 rats
113 creatures vanquished.

Notes
Turn   | Place    | Note
-------+----------+-------------------------------------------
     0 | D:1      | suicidejoker the Gargoyle Fighter began the quest for the Orb.
     0 | D:1      | Reached XP level 1. HP: 14/14 MP: 1/1
    49 | D:1      | Reached XP level 2. HP: 17/19 MP: 2/2
   458 | D:1      | Reached XP level 3. HP: 22/24 MP: 3/3
   740 | D:2      | Noticed Terence
   756 | D:2      | Killed Terence
   756 | D:2      | Reached skill level 4 in Fighting
   756 | D:2      | Reached XP level 4. HP: 29/29 MP: 4/4
   800 | D:2      | Noticed Robin
   822 | D:2      | Killed Robin
  1081 | D:2      | Reached XP level 5. HP: 31/34 MP: 5/5
  1445 | D:2      | Reached skill level 5 in Fighting
  2035 | D:3      | Reached XP level 6. HP: 40/40 MP: 6/6
  2430 | D:4      | Reached skill level 6 in Fighting
  2430 | D:4      | Reached XP level 7. HP: 19/46 MP: 7/7
  2527 | D:4      | Reached skill level 5 in Armour
  2542 | D:4      | Reached skill level 5 in Shields
  2817 | D:4      | Noticed Ijyb
  2821 | D:4      | Found an opulent altar of Gozag.
  2834 | D:4      | HP: 2/70 [Ijyb/wand of acid (8) (19)]
  2834 | D:4      | Splashed by Ijyb's acid

Vault maps used:
D:1:      zelgadis_glass_arrival_small
D:2:      first_ration, kennysheep_decorative_pillar, uniq_robin, uniq_terence
D:4:      grunt_gozag_breadcrumbs, uniq_ijyb

Skill      XL: |  1  2  3  4  5  6  7 |
---------------+----------------------+-----
Long Blades    | 2 3 |  3.5
Fighting       | 4 5 6 |  6.3
Shields        | 4 5 |  5.0
Armour         | 4 5 |  5.0

Action                   |  1- 3 |  4- 6 |  7- 9 || total
-------------------------+-------+-------+-------++-------
Melee: Long sword        |   110 |   266 |    44 ||   420
       Unarmed           |       |       |     2 ||     2
  Use: Potion            |     1 |     2 |     2 ||     5
       Scroll            |       |    10 |     1 ||    11
  Eat: Chunk             |       |     5 |     1 ||     6
Armor: Scale mail        |    67 |   208 |    29 ||   304
       Skin              |       |       |     2 ||     2
Dodge: Dodged            |    36 |   282 |     8 ||   326
Block: Shield            |    74 |   323 |    29 ||   426
       Rpst.: Long sword |     8 |   101 |     4 ||   113

Table legend:
 A = Spawn XP
 B = Non-spawn XP
 C = Spawn XP percentage of total XP
 D = Spawn monster count
 E = Non-spawn monster count
 F = Spawn count percentage of total count
 G = Total turns spent on level
                    A         B        C        D         E        F      G
               +---------+---------+-------+---------+---------+-------+---------
         Total |       0 |     888 |   0.0 |       0 |     113 |   0.0 |  2834
               +---------+---------+-------+---------+---------+-------+---------
           D:1 |       0 |      50 |   0.0 |       0 |      25 |   0.0 |   740
           D:2 |       0 |     227 |   0.0 |       0 |      44 |   0.0 |   960
           D:3 |       0 |      69 |   0.0 |       0 |      27 |   0.0 |   591
           D:4 |       0 |     542 |   0.0 |       0 |      17 |   0.0 |   543
               +---------+---------+-------+---------+---------+-------+---------
